 Dungeon Crawl Stone Soup version 0.30-a0-956-gcec3b41aec (webtiles) character file.

Game seed: 13568028408267237699

32 Shard1697 the Shield-Bearer (level 3, -4/29 HPs)
             Began as a Formicid Fighter on Mar 29, 2023.
             Slain by an ogre
             ... wielding a +0 giant spiked club
              (32 damage)
             ... on level 2 of the Dungeon.
             The game lasted 00:00:47 (799 turns).

Shard1697 the Shield-Bearer (Formicid Fighter)       Turns: 799, Time: 00:00:47

Health: -4/29      AC:  6    Str: 22    XL:     3   Next: 45%
Magic:  3/3        EV:  9    Int:  7    God:
Gold:   104        SH:  5    Dex: 13    Spells: 2/2 levels left

rFire   . . .      SeeInvis +    a - +0 war axe
rCold   . . .      Faith    .    c - +0 buckler
rNeg    . . .      Spirit   .    b - +0 scale mail
rPois   .          Reflect  .    (helmet unavailable)
rElec   .          Rampage  .    (no cloak)
rCorr   .                        (no gloves)
Will    .....                    (no boots) Stlth
                                 (no amulet)
HPRegen 0.24/turn                (no ring)
MPRegen 0.08/turn                (no ring)

@: no status effects
A: permanent stasis, dig shafts and tunnels, antennae 3, four strong arms
a: Dig, Shaft Self


You were on level 2 of the Dungeon.
You visited 1 branch of the dungeon, and saw 2 of its levels.

You collected 104 gold pieces.

Inventory:

Hand Weapons
 a - a +0 war axe (weapon)
Armour
 b - a +0 scale mail (worn)
 c - a +0 buckler (worn)
Jewellery
 e - a ring of flight
Scrolls
 g - a scroll of enchant weapon {unknown}
 j - a scroll of teleportation {unknown}
 k - 2 scrolls of identify {unknown}
Potions
 d - a potion of might
 f - a potion of curing {unknown}
 h - a potion of degeneration {unknown}
 i - 2 potions of haste {unknown}


   Skills:
 - Level 3.2 Fighting
 + Level 3.6 Axes
 - Level 3.2 Armour
 - Level 4.0 Shields


You had 2 spell levels left.
You didn't know any spells.
Your spell library was empty.

Dungeon Overview and Level Annotations

Branches:
Dungeon (2/15)

Altars:


Innate Abilities, Weirdness & Mutations

You cannot be hasted, slowed, berserked, paralysed or teleported.
You can dig through walls and to a lower floor.
You have a pair of large antennae on your head. (SInv)
Your four strong arms can wield two-handed weapons with a shield.


Message History

You see here a ball python corpse.
You now have 104 gold pieces (gained 12).
You sense a monster nearby.
You sense a monster nearby.
A ball python comes into view.
The ball python hisses angrily.
A giant cockroach comes into view.
The giant cockroach moves out of view.
A ball python is nearby!
An ogre comes into view. It is wielding a +0 giant spiked club.
The ogre shouts!
You closely miss the ball python. You block the ball python's attack.
The ball python grabs you. The ball python constricts you.
The ball python bites you but does no damage.
The ball python constricts you.
You barely miss the ball python. You completely miss the ogre.
You block the ogre's attack.
The ball python bites you but does no damage.
The ball python constricts you.
You barely miss the ball python. You hit the ogre but do no damage.
The ball python barely misses you. The ball python constricts you.
The ogre hits you but does no damage.
The ball python bites you but does no damage.
The ball python constricts you.
You slash the ball python!
You kill the ball python!
You closely miss the giant cockroach. You closely miss the ogre.
The giant cockroach barely misses you. The ogre closely misses you.
You hit the ogre.
The ogre is lightly wounded.
You hit the giant cockroach but do no damage.
The giant cockroach bites you but does no damage.
The ogre hits you but does no damage.
The giant cockroach bites you but does no damage.
You barely miss the ogre.
The ogre is lightly wounded.
You hit the giant cockroach. The giant cockroach bites you.
The ogre hits you with a +0 giant spiked club!!
Ouch! That really hurt!
You die...

.....# .#..##
.. ....# # #
... ###.# .#.
...
#.#########
#.####.##.
#.........#
#.#....$..
#########.#
#.#.......
#.###.#?......
#.....@B......
#######O...$..
.......
.......
#######


You could see an ogre and a giant cockroach.

Vanquished Creatures
  An adder (D:2)
  A dart slug (D:1)
  A bat (D:1)
  3 endoplasms (D:1)
  2 goblins (D:1)
  5 hobgoblins
  A quokka (D:1)
  2 ball pythons (D:2)
  A frilled lizard (D:1)
  A kobold (D:1)
  2 rats (D:1)
20 creatures vanquished.

Notes
Turn   | Place    | Note
-------+----------+-------------------------------------------
     0 | D:1      | Shard1697 the Formicid Fighter began the quest for the Orb.
     0 | D:1      | Reached XP level 1. HP: 18/18 MP: 1/1
   132 | D:1      | Reached XP level 2. HP: 24/24 MP: 2/2
   543 | D:1      | Reached XP level 3. HP: 29/29 MP: 3/3
   734 | D:2      | Noticed a shining eye
   737 | D:2      | Found a faded altar of an unknown god.
   738 | D:2      | Noticed an eye of devastation
   738 | D:2      | Noticed a shining eye
   738 | D:2      | Noticed a shining eye
   793 | D:2      | Noticed an ogre
   799 | D:2      | Slain by an ogre

Illustrated notes

Levels and vault maps discovered:
D:1:      mrwooster_arrival_statue_3, layout_loops_ring
D:2:      layout_loops_ring, hellmonk_ecumenical_altar_watching_god,
          uniq_terence

Skill      XL: |  1  2 |
---------------+-------+-----
Axes           | 3 |  3.6
Fighting       | |  3.2
Armour         | |  3.2
Shields        | |  4.0

Action                     || total
---------------------------++-------
  Melee: War axe           ||    40
 Armour: Scale mail        ||    14
  Dodge: Dodged            ||    22
  Block: Buckler           ||     9

Table legend: (Time is in decaauts)
 A = Elapsed time spent in this place.
 B = Non-inter-level travel time spent in this place.
 C = Inter-level travel time spent in this place.
 D = Time resting spent in this place.
 E = Time spent auto-exploring this place.
 F = Levels seen in this place.
 G = Mean time per level.
                   A        B        C        D        E       F      G
               +--------+--------+--------+--------+--------+-----+--------+
         Total |    813 |    799 |     14 |      0 |    664 |   2 |  406.5 |
       Dungeon |    813 |    799 |     14 |      0 |    664 |   2 |  406.5 |
               +--------+--------+--------+--------+--------+-----+--------+

Top non-repeatable levels by time:
     D:1: 740 daAuts
     D:2: 72 daAuts
